 Dungeon Crawl Stone Soup version 0.31-a0-210-gccc998df9b (webtiles) character file.

Game seed: 10414932694559867970

53 qw the Shooter (level 3, -1/21 HPs)
             Began as a Gargoyle Hexslinger on June 30, 2023.
             Slain by Ijyb
             ... wielding a +0 club
              (3 damage)
             ... on level 3 of the Dungeon.
             The game lasted 00:00:26 (1190 turns).

qw the Shooter (Gargoyle Hexslinger)                Turns: 1190, Time: 00:00:27

Health: -1/21      AC:  6    Str: 11    XL:     3   Next: 89%
Magic:  4/4        EV: 11    Int: 13    God:
Gold:   124        SH:  0    Dex: 14    Spells: 3/4 levels left

rFire   . . .        Y - +1 sling
rCold   . . .        (no shield)
rNeg    + . .        e - +0 leather armour
rPois   inf          (no helmet)
rElec   +            (no cloak)
rCorr   .            (no gloves)
SInv    .            (no boots)
Will    .....        (no amulet)
Stlth   +            (no ring)
HPRegen 0.23/turn    (no ring)
MPRegen 0.09/turn

%: no passive effects
@: about to teleport
A: sickness immunity, AC +3, negative energy resistance 1, electricity
resistance, torment resistance 1, petrification resistance
a: no special abilities


You were on level 3 of the Dungeon.
You visited 1 branch of the dungeon, and saw 3 of its levels.

You collected 124 gold pieces.


Innate Abilities, Weirdness & Mutations

You are immune to sickness and miasma.
Your stone body is resilient. (AC +3)
You are immune to poison.
You resist negative energy. (rN+)
You are resistant to electric shocks. (rElec)
You are resistant to unholy torment.
You are immune to petrification.


   Skills:
 - Level 2.2 Fighting
 + Level 3.5 Ranged Weapons
 - Level 1.5 Dodging
 - Level 1.0 Spellcasting
 - Level 2.6 Hexes


You had 3 spell levels left.
You knew the following spells:

 Your Spells              Type           Power      Damage    Failure   Level
a - Slow                  Hex            28%        N/A       12%         1

Your spell library contained the following spells:

 Spells                   Type           Power      Damage    Failure   Level
 Inner Flame              Hex/Fire       4%         N/A       54%         3
 Portal Projectile        Hex/Tloc       8%         N/A       54%         3
 Cause Fear               Hex            3%         N/A       77%         4

Inventory:

Hand Weapons
 Y - a +1 sling (weapon)
Armour
 e - a +0 leather armour (worn)
Scrolls
 a - a scroll of identify
 d - a scroll of vulnerability {unknown}
Potions
 b - a potion of haste {unknown}
 c - a potion of heal wounds {unknown}
 f - a potion of brilliance {unknown}

Dungeon Overview and Level Annotations

Branches:
Dungeon (3/15)

Altars:

Annotations:
D:1 2 transporters
D:3 Ijyb


Message History

A rat comes into view.
You shoot a sling bullet. The sling bullet hits the rat.
You kill the rat!
d - a scroll labelled XIMESHR PUBB
Found a hand axe.
A hobgoblin comes into view.
You shoot a sling bullet.
The sling bullet completely misses the hobgoblin.
The hobgoblin shouts!
You shoot a sling bullet. The sling bullet hits the hobgoblin.
The hobgoblin is almost dead.
You shoot a sling bullet. The sling bullet hits the hobgoblin.
You kill the hobgoblin!
As you open the door, it creaks loudly!
You hear a shout! x2
There is an open door here.
An orc wizard comes into view. It is wielding a +0 dagger.
The orc wizard shouts!
You hear a shout! x2
A bat comes into view.
An orc comes into view. It is wielding a +0 trident.
The orc wizard gestures at you while chanting.
The puff of flame hits you!
1183 ||| Stepping ~*~*~tactically~*~*~ (outnumbered).
There is an open door here.
You start resting.
Ijyb the Twisted Goblin comes into view.
She is wielding a +0 club and carrying a wand of flame (24).
You shoot a sling bullet. The sling bullet closely misses Ijyb.
You shoot a sling bullet.
The sling bullet hits Ijyb but does no damage.
Ijyb zaps a wand.
The puff of flame hits you!
1189 ||| READING scroll of teleportation.
As you read the scroll of teleportation, it crumbles to dust.
You feel strangely unstable. Ijyb barely misses you.
The orc wizard hits you but does no damage.
You shoot a sling bullet. The sling bullet hits the orc wizard.
The orc wizard is lightly wounded.
Ijyb zaps a wand.
The puff of flame hits you.
The orc wizard hits you with a +0 dagger.
The orc closely misses you. Ijyb hits you with a +0 club.
You die...

... ....#o#
#.#.#o# . ..
....#. ..
#.##.#..#
.b.
#.##.#..#..#
#.##.#....#
#.##@#..#
#..g.oo.#
#......#.#
#......#
#......#
#.##.#.#
#.##.#.#
#.##.#.#
#.##.#.# .##


You could see Ijyb, an orc wizard and an orc.

Vanquished Creatures
  2 adders (D:2)
  3 ball pythons
  4 endoplasms
  A giant cockroach (D:1)
  2 goblins
  4 hobgoblins
  3 jackals (D:2)
  2 quokkas (D:1)
  5 bats
  A kobold (D:2)
  4 rats
31 creatures vanquished.

Notes
Turn   | Place    | Note
-------+----------+-------------------------------------------
     0 | D:1      | qw the Gargoyle Hexslinger began the quest for the Orb.
     0 | D:1      | Reached XP level 1. HP: 12/12 MP: 2/2
     0 | D:1      | 0 ||| qw: Version: 0.3-a-26-gee661ec
     0 | D:1      | 0 ||| qw: Game counter: 7263
     0 | D:1      | 0 ||| qw: Melee chars always use a shield: true
     0 | D:1      | 0 ||| qw: God list: Okawaru
     0 | D:1      | 0 ||| qw: Allow faded altars: false
     0 | D:1      | 0 ||| qw: Do Orc after clearing Dungeon:15 true
     0 | D:1      | 0 ||| qw: Do second Lair branch before Depths: true
     0 | D:1      | 0 ||| qw: Lair rune preference: random
     0 | D:1      | 0 ||| qw: Goals: Normal
     0 | D:1      | 0 ||| PLANNING D:1-11
   106 | D:1      | Reached XP level 2. HP: 11/16 MP: 3/3
   149 | D:1      | Reached skill level 3 in Ranged Weapons
   209 | D:1      | Found a faded altar of an unknown god.
   448 | D:1      | 448 ||| UPGRADING to +0 leather armour.
   458 | D:1      | 458 ||| DROPPING +0 robe.
   459 | D:1      | 459 ||| READING scroll labelled UGRIHEA COVOME.
   460 | D:1      | 460 ||| READING 2 scrolls labelled PAERRU ACOMIJY.
   463 | D:1      | 463 ||| READING scroll labelled EFOMUU JISAAZ.
   464 | D:1      | 464 ||| DROPPING scroll of poison.
   574 | D:2      | Reached XP level 3. HP: 9/21 MP: 4/4
  1183 | D:3      | 1183 ||| Stepping ~*~*~tactically~*~*~ (outnumbered).
  1186 | D:3      | Noticed Ijyb
  1188 | D:3      | HP: 3/21 [Ijyb/puff of flame (9)]
  1189 | D:3      | 1189 ||| READING scroll of teleportation.
  1190 | D:3      | Slain by Ijyb

Levels and vault maps discovered:
D:1:      spicycebolla_arrival_transporter_tutorial, layout_rooms,
          hellmonk_ecumenical_altar_arch_garden
D:2:      layout_rooms, dk_noncrumbling_2, minmay_surrounded
D:3:      wad_crossroads, layout_basic, nicolae_overflow_hallway_of_the_gods,
          serial_bayou_crossing, uniq_robin, uniq_ijyb

Skill      XL: |  1  2 |
---------------+-------+-----
Ranged Weapons | 3 |  3.5
Fighting       | 2 |  2.2
Dodging        | |  1.5
Spellcasting   | |  1.0
Hexes          | |  2.6

Action                     || total
---------------------------++-------
   Fire: Sling             ||   100
    Use: Scroll            ||     4
 Armour: Robe              ||     1
         Leather armour    ||    24
  Dodge: Dodged            ||    30

Table legend:
 A = Non-vault XP
 B = Vault XP
 C = Vault XP percentage of total XP
 D = Non-vault monster count
 E = Vault monster count
 F = Vault count percentage of total count
                 A         B        C        D         E       F
            +---------+---------+-------+---------+---------+-------
      Total |      74 |       3 |   3.9 |      29 |       2 |   6.5
            +---------+---------+-------+---------+---------+-------
        D:1 |      26 |       0 |   0.0 |      14 |       0 |   0.0
        D:2 |      45 |       3 |   6.2 |      13 |       2 |  13.3
        D:3 |       3 |       0 |   0.0 |       2 |       0 |   0.0
            +---------+---------+-------+---------+---------+-------
